 Dungeon Sprint DCSS version 0.24.0-1-gfbc8707 (webtiles) character file.

Game seed: 10619930818156723478, levelgen mode: deterministic

7000000 Fang the Conqueror (level 27, -3/249 HPs)
             Began as a Demonspawn Gladiator on Nov 1, 2019.
             Was the Champion of Makhleb.
             Slain by a destroyer
             ... wielding a +9 great sword of slicing
              (76 damage)
             ... in the Dungeon (Sprint VIII: "Arena of Blood").
             The game lasted 00:01:17 (70 turns).

Fang the Conqueror (Demonspawn Gladiator)             Turns: 70, Time: 00:01:18

Health: -3/249     AC:  8    Str: 30    XL:     27
Magic:  54/54      EV: 40    Int: 11    God:    Makhleb [******]
Gold:   0          SH:  8    Dex: 21    Spells: 80/80 levels left

rFire    . . .     SeeInvis .   l - +∞ Axe of Woe
rCold    . . .     Gourm    .   (shield currently unavailable)
rNeg     + . .     Faith    .   b - +0 leather armour
rPois    .         Spirit   .   c - +0 helmet
rElec    .         Reflect  .   (no cloak)
rCorr    .         Harm     .   (no gloves)
MR       ++...     NoTele   +   (boots unavailable)
Stlth    ++++++++++             (no amulet)
HPRegen  0.51/turn              m - +30 ring of slaying
MPRegen  0.34/turn              n - +30 ring of slaying

@: mighty, agile
A: hooves 3, large bone plates 3, negative energy resistance 1, nightstalker 3,
powered by pain 3, 50% torment resistance, black mark
a: Minor Destruction, Lesser Servant of Makhleb, Major Destruction, Greater
Servant of Makhleb, Renounce Religion


You were in the Dungeon.
You worshipped Makhleb.
Makhleb was exalted by your worship.
You were not hungry.

You visited 1 branch

Inventory:

Hand Weapons
 a - a +0 war axe
 l - the +∞ Axe of Woe (weapon)
   (You found it in the Dungeon)
Missiles
 d - 3 throwing nets (quivered)
Armour
 b - a +0 leather armour (worn)
 c - a +0 helmet (worn)
Jewellery
 m - a +30 ring of slaying (left hand)
 n - a +30 ring of slaying (right hand)
Scrolls
 k - a scroll of blinking
Potions
 e - a potion of curing
 g - a potion of heal wounds
 h - a potion of haste
 i - 2 potions of magic
 j - a potion of berserk rage
Comestibles
 f - a ration


   Skills:
 O Level 27 Fighting
 O Level 27 Axes
 O Level 27 Throwing
 O Level 27 Armour
 O Level 27 Dodging
 O Level 27 Stealth
 O Level 27 Unarmed Combat
 O Level 27 Spellcasting
 O Level 27 Invocations


You had 80 spell levels left.
You didn't know any spells.
Your spell library was empty.

Dungeon Overview and Level Annotations

Branches:
Dungeon (1/1)

Altars:
Makhleb

Annotations:
D The Servant


Innate Abilities, Weirdness & Mutations

You have hooves in place of feet.
You are completely covered in large bone plates. (SH +8)
You resist negative energy. (rN+)
You are completely attuned to the shadows.
You are powered by pain.
You are somewhat able to resist unholy torments (1 in 2 success).
Your melee attacks may debilitate your foes.


Message History

You hear two shouts!
You hear a shout! x7
The accursed gestures at you while chanting.
Something smites you!
You hear a shout! x3
The destroyer blinks!
You hear a shout! x2
The bag of meat hits you with a +9 war axe.
You hear a shout!
Things that are here:
a +9 battleaxe; a +30 ring of slaying A bag of meat comes into view.
It is wielding a +9 war axe.
You hear a shout! x4
The accursed casts a spell at you. Something smites you!
* * * LOW HITPOINT WARNING * * *
You hear a shout! x4
A bag of meat comes into view. It is wielding a +9 war axe.
You hear a shout! x2
The destroyer hits you with a +9 great sword of slicing!!!!
You die...

...... .........
O... #.......# .
#.o. #.......# .o
o...###@)...))###...
.....o)).###))☼).%..
#..@)x).._%○°))....
...VM..#..)))#))....
.......#_.<._#§○...%
.......#).).)#..o...
.#§......._x.%......
........###.....%..
.o.###... ...###. ..
#... ..# #.... .#


You could see an accursed, The Servant, a destroyer, a meat berserker (berserk),
a small abomination and 3 bags of meat.

Vanquished Creatures
  A hell beast (D)
  A greater mummy (D)
  A wraith (D)
  5 vampire knights (D)
  22 ogres (D)
  6 two-headed ogres (D)
  A lich (D)
  A hydra (D)
  14 orcs (D)
  3 skeletal warriors (D)
  A large abomination (D)
  A small abomination (D)
  5 crawling corpses (D)
62 creatures vanquished.

Notes
Turn   | Place    | Note
-------+----------+-------------------------------------------
     0 | D        | Found the +∞ Axe of Woe
     0 | D        | Fang the Demonspawn Gladiator began the quest for the Orb.
     0 | D        | Reached XP level 1. HP: 16/16 MP: 1/1
     2 | D        | Noticed a bag of meat
     3 | D        | Noticed a bag of meat
     4 | D        | Became a worshipper of Makhleb the Destroyer
     5 | D        | Noticed a bag of meat
     6 | D        | Noticed a bag of meat
     8 | D        | Killed a bag of meat
     8 | D        | Gained mutation: You have large cloven feet. [demonic
                  | ancestry]
     8 | D        | Reached XP level 2. HP: 43/43 MP: 2/2
     8 | D        | Gained mutation: You are partially covered in large bone
                  | plates. (SH +4) [demonic ancestry]
     8 | D        | Reached XP level 3. HP: 49/49 MP: 3/3
     8 | D        | Gained mutation: You are slightly more attuned to the
                  | shadows. [demonic ancestry]
     8 | D        | Reached XP level 4. HP: 56/56 MP: 4/4
     8 | D        | Reached XP level 5. HP: 62/62 MP: 5/5
     8 | D        | Gained mutation: You have hoof-like feet. [demonic
                  | ancestry]
     8 | D        | Reached XP level 6. HP: 69/69 MP: 6/6
     8 | D        | Reached XP level 7. HP: 75/75 MP: 7/7
     8 | D        | Reached XP level 8. HP: 82/82 MP: 8/8
     8 | D        | Gained mutation: You sometimes gain a little power by
                  | taking damage. [demonic ancestry]
     8 | D        | Reached XP level 9. HP: 88/88 MP: 9/9
     8 | D        | Gained mutation: You are significantly more attuned to the
                  | shadows. [demonic ancestry]
     8 | D        | Reached XP level 10. HP: 95/95 MP: 10/10
     8 | D        | Gained mutation: You sometimes gain power by taking damage.
                  | [demonic ancestry]
     8 | D        | Reached XP level 11. HP: 101/101 MP: 11/11
     9 | D        | Noticed a meat berserker
    10 | D        | Killed a bag of meat
    10 | D        | Reached * piety under Makhleb
    10 | D        | Reached skill level 15 in Axes
    10 | D        | Reached skill level 15 in Throwing
    10 | D        | Reached skill level 15 in Dodging
    10 | D        | Gained mutation: You have hooves in place of feet. [demonic
                  | ancestry]
    10 | D        | Reached XP level 12. HP: 113/113 MP: 12/12
    10 | D        | Noticed a meat berserker
    11 | D        | Killed a meat berserker
    11 | D        | Reached XP level 13. HP: 125/125 MP: 13/13
    11 | D        | Reached XP level 14. HP: 133/133 MP: 14/14
    12 | D        | Killed a bag of meat
    12 | D        | Killed a meat berserker
    12 | D        | Reached ** piety under Makhleb
    12 | D        | Gained mutation: You are mostly covered in large bone
                  | plates. (SH +6) [demonic ancestry]
    12 | D        | Reached XP level 15. HP: 146/146 MP: 15/15
    14 | D        | Noticed a meat berserker
    17 | D        | Killed a meat berserker
    17 | D        | Gained mutation: You are powered by pain. [demonic
                  | ancestry]
    17 | D        | Reached XP level 16. HP: 157/157 MP: 16/16
    17 | D        | Reached *** piety under Makhleb
    18 | D        | Noticed a large bag of meat
    18 | D        | Noticed a meat berserker
    19 | D        | Noticed a meat berserker
    20 | D        | Noticed a meat berserker
    21 | D        | Killed a meat berserker
    21 | D        | Reached XP level 17. HP: 171/171 MP: 17/17
    22 | D        | Noticed a meat berserker
    23 | D        | Killed a meat berserker
    23 | D        | Reached skill level 27 in Fighting
    23 | D        | Reached **** piety under Makhleb
    23 | D        | Gained mutation: You are completely covered in large bone
                  | plates. (SH +8) [demonic ancestry]
    23 | D        | Reached XP level 18. HP: 182/182 MP: 18/18
    23 | D        | Noticed a large bag of meat
    24 | D        | Killed a meat berserker
    24 | D        | Reached skill level 27 in Axes
    24 | D        | Reached skill level 27 in Throwing
    24 | D        | Reached skill level 27 in Dodging
    24 | D        | Killed a large bag of meat
    24 | D        | Reached skill level 27 in Invocations
    24 | D        | Reached XP level 19. HP: 141/189 MP: 31/36
    24 | D        | Noticed a large bag of meat
    24 | D        | Noticed a meat berserker
    25 | D        | Noticed a meat berserker
    25 | D        | Noticed a large bag of meat
    26 | D        | Killed a meat berserker
    26 | D        | Noticed a meat berserker
    26 | D        | Noticed a meat berserker
    27 | D        | Noticed a large bag of meat
    28 | D        | Killed a large bag of meat
    28 | D        | Killed a meat berserker
    28 | D        | Reached ***** piety under Makhleb
    28 | D        | Reached skill level 27 in Armour
    28 | D        | Gained mutation: You are completely attuned to the shadows.
                  | [demonic ancestry]
    28 | D        | Reached XP level 20. HP: 163/197 MP: 37/37
    29 | D        | Killed a meat berserker
    30 | D        | Killed a meat berserker
    31 | D        | Killed a large bag of meat
    31 | D        | Reached skill level 27 in Unarmed Combat
    31 | D        | Reached XP level 21. HP: 204/204 MP: 38/38
    32 | D        | Killed a large bag of meat
    33 | D        | Reached skill level 27 in Stealth
    34 | D        | Killed a large bag of meat
    34 | D        | Reached XP level 22. HP: 212/212 MP: 38/44
    34 | D        | Noticed a destroyer
    36 | D        | Reached ****** piety under Makhleb
    38 | D        | Reached skill level 27 in Spellcasting
    38 | D        | Noticed a large bag of meat
    39 | D        | Noticed a destroyer
    40 | D        | Gained mutation: You resist negative energy. (rN+) [demonic
                  | ancestry]
    40 | D        | Reached XP level 23. HP: 219/219 MP: 39/54
    42 | D        | Killed a destroyer
    42 | D        | Killed a destroyer
    42 | D        | Reached XP level 24. HP: 227/227 MP: 40/54
    43 | D        | Killed a large bag of meat
    44 | D        | Noticed a destroyer
    48 | D        | Noticed a tyrant
    49 | D        | Killed a destroyer
    51 | D        | Noticed an accursed
    52 | D        | Reached XP level 25. HP: 229/234 MP: 43/54
    55 | D        | Killed a tyrant
    56 | D        | Killed an accursed
    56 | D        | Gained mutation: You are somewhat able to resist unholy
                  | torments (1 in 2 success). [demonic ancestry]
    56 | D        | Reached XP level 26. HP: 242/242 MP: 44/54
    57 | D        | Noticed a destroyer
    59 | D        | Noticed a meat beast
    59 | D        | Noticed The Servant
    59 | D        | Noticed a destroyer
    60 | D        | Gained mutation: Your melee attacks may debilitate your
                  | foes. [demonic ancestry]
    60 | D        | Reached XP level 27. HP: 246/249 MP: 54/54
    60 | D        | Noticed an accursed
    62 | D        | Noticed a dread
    62 | D        | Killed a meat beast
    65 | D        | Killed a destroyer
    66 | D        | Killed a destroyer
    67 | D        | Killed a dread
    69 | D        | Noticed a destroyer
    70 | D        | Slain by a destroyer

Levels and vault maps discovered:
D:        meatsprint

Skill      XL: |  1  2  3  4  5  6  7  8  9 10 11 12 13 14 15 16 17 18 19 20 21 22 |
---------------+-------------------------------------------------------------------+-----
Fighting       | 14 16 19 22 23 26 27 | 27.0
Axes           | 13 15 18 20 22 24 26 27 | 27.0
Throwing       | 13 15 18 20 22 24 26 27 | 27.0
Dodging        | 13 15 18 20 22 24 26 27 | 27.0
Invocations    | 27 | 27.0
Armour         | 7 27 | 27.0
Unarmed Combat | 11 27 | 27.0
Stealth        | 14 27 | 27.0
Spellcasting   | 18 27 | 27.0

Action                   |  1- 3 |  4- 6 |  7- 9 | 10-12 | 13-15 | 16-18 | 19-21 | 22-24 | 25-27 || total
-------------------------+-------+-------+-------+-------+-------+-------+-------+-------+-------++-------
Melee: Executioner's axe |     1 |       |       |     2 |     2 |     3 |     8 |    10 |    14 ||    40
Dodge: Dodged            |       |       |       |       |     3 |     2 |     2 |     2 |     3 ||    12
Block: Other             |       |       |       |       |       |       |       |       |     2 ||     2
